 Dungeon Crawl Stone Soup version 0.30-a0-1104-g706747fef1 (webtiles) character file.

Game seed: 1941195787037804537

96 leNuup the Stinger (level 4, -3/36 HPs)
             Began as a Naga Venom Mage on Mar 1, 2023.
             Slain by a gnoll
             ... wielding a +0 spear
              (5 damage)
             ... on level 3 of the Dungeon on Apr 19, 2023.
             The game lasted 00:05:49 (2963 turns).

leNuup the Stinger (Naga Venom Mage)                Turns: 2963, Time: 00:05:49

Health: -3/36      AC:  2    Str: 10    XL:     4   Next: 67%
Magic:  6/7        EV: 10    Int: 18    God:
Gold:   182        SH:  0    Dex: 11    Spells: 5/8 levels left

rFire   + . .      SeeInvis +    b - +1 dagger (elec)
rCold   + . .      Faith    .    (no shield)
rNeg    . . .      Spirit   .    k - +0 robe
rPois   +          Reflect  .    (no helmet)
rElec   .          Rampage  .    l - scarf {rC+ rF+}
rCorr   .                        (no gloves)
Will    .....                    (no barding)
Stlth   ++                       (no amulet)
HPRegen 0.26/turn                (no ring)
MPRegen 0.10/turn                (no ring)

@: brilliant, very slow
A: AC +1, large, see invisible, deformed body, poison resistance, slowness 2,
spit poison 1, naga tail 1
a: Spit Poison


You were on level 3 of the Dungeon.
You visited 1 branch of the dungeon, and saw 3 of its levels.

You collected 182 gold pieces.

Inventory:

Hand Weapons
 a - a +2 short sword of protection
 b - a +1 dagger of electrocution (weapon)
 f - a +0 dagger
Armour
 k - a +0 robe (worn)
 l - a scarf of resistance (worn)
Scrolls
 c - 5 scrolls of identify {unknown}
 e - a scroll of acquirement {unknown}
 g - a scroll of magic mapping {unknown}
 i - 2 scrolls of immolation {unknown}
 j - a scroll of enchant weapon {unknown}
 n - a scroll of amnesia {unknown}
 u - a scroll of noise {unknown}
 v - a scroll of fear {unknown}
Potions
 d - a potion of brilliance
 h - a potion of heal wounds {unknown}
 m - a potion of resistance {unknown}
 o - a potion of flight {unknown}
 p - a potion of cancellation {unknown}
 q - 2 potions of degeneration {unknown}
 r - a potion of magic
 s - 2 potions of curing {unknown}
 t - a potion of berserk rage {unknown}


   Skills:
 + Level 2.2 Dodging
 + Level 4.3 Stealth
 + Level 2.5 Spellcasting
 + Level 2.0 Transmutations
 + Level 4.7 Poison Magic


You had 5 spell levels left.
You knew the following spells:

 Your Spells              Type           Power      Damage    Failure   Level
a - Sting                 Tmut/Pois      84%        1d7       4%          1
b - Poisonous Vapours     Pois/Air       32%        N/A       10%         2

Your spell library contained the following spells:

 Spells                   Type           Power      Damage    Failure   Level
 Olgreb's Toxic Radiance  Pois           29%        N/A       24%         4
 Blink                    Tloc           6%         N/A       26%         2
 Lesser Beckoning         Tloc           6%         N/A       26%         2
 Momentum Strike          Conj/Tloc      6%         3d8       26%         2
 Mephitic Cloud           Conj/Pois/Air  12%        N/A       26%         3
 Vhi's Electric Charge    Tloc/Air       6%         N/A       45%         3
 Arcjolt                  Conj/Air       1%         1d11      99%         5
 Plasma Beam              Fire/Air       1%         2x1d12    100%        6


Dungeon Overview and Level Annotations

Branches:
Dungeon (3/15)

Altars:
Yredelemnul


Innate Abilities, Weirdness & Mutations

Your serpentine skin is tough. (AC +1)
You have supernaturally acute eyesight. (SInv)
Armour fits poorly on your strangely shaped body.
Your system is resistant to poisons. (rPois)
You cover ground very slowly.
You can spit poison.
You have a snake-like lower body.


Message History

There is a stone staircase leading down here.
Found a stone staircase leading up.
s - 2 white potions (gained 1)
A worm comes into view.
A gnoll comes into view. It is wielding a +0 spear.
The helpless worm fails to defend itself.
You puncture the worm!
The worm is heavily wounded.
The worm bites you.
You hit the worm but do no damage. Lightning courses through the worm!
You kill the worm!
You see here a worm corpse. 2 gnolls come into view.
A gnoll comes into view. It is wielding a +0 club.
The helpless gnoll fails to defend itself.
You puncture the gnoll! Lightning courses through the gnoll!
You kill the gnoll!
The gnoll shouts! x3; You hear an angry hiss.
Your Transmutations skill increases to level 2!
A frilled lizard comes into view.
The frilled lizard hisses angrily.
The gnoll hits you from afar with a +0 spear!
The gnoll hits you from afar with a +0 spear.
The gnoll barely misses you. x3; The gnoll hits you with a +0 club.
The sting hits the gnoll but does no damage.
The gnoll is poisoned.
The gnoll hits you from afar with a +0 spear. x2
The gnoll hits you with a +0 club.
The gnoll hits you from afar with a +0 spear.
* * * LOW HITPOINT WARNING * * *
The gnoll hits you with a +0 club!
* * * LOW HITPOINT WARNING * * *
Okay, then.
Unknown command.
Unknown command.
It was a potion of brilliance.
You feel clever all of a sudden. The gnoll barely misses you.
The gnoll hits you from afar with a +0 spear.
You die...

#.#
#.#.#.#.##.#####.#
#.# #.#...#.####
#.# #.# #.#####..
#.# #.# ..#.. ..#
#.# #.#.# ### #.#
#l#.. # #.#
#.###..#
#.#######l.....#
#..†..@ggg.....#
#########.####.#
#.# ###


You could see 3 gnolls and a frilled lizard.

Vanquished Creatures
  A gnoll (D:3)
  2 adders
  A worm (D:3)
  2 dart slugs
  6 ball pythons
  2 bat zombies (D:2)
  6 endoplasms
  2 giant cockroaches (D:2)
  4 goblins
  A hobgoblin (D:1)
  6 jackals
  3 quokkas
  6 bats
  2 frilled lizards (D:2)
  7 kobolds
  9 rats
60 creatures vanquished.

Notes
Turn   | Place    | Note
-------+----------+-------------------------------------------
     0 | D:1      | leNuup the Naga Venom Mage began the quest for the Orb.
     0 | D:1      | Reached XP level 1. HP: 15/15 MP: 3/3
     0 | D:1      | Upgraded the game from 0.30-a0-782-ge64f9170bb to
                  | 0.30-a0-1104-g706747fef1
   340 | D:1      | Reached XP level 2. HP: 22/22 MP: 0/5
  1154 | D:1      | Reached XP level 3. HP: 28/28 MP: 6/6
  1245 | D:2      | Found a basalt altar of Yredelemnul.
  1314 | D:1      | Learned a level 2 spell: Poisonous Vapours
  1923 | D:2      | Reached XP level 4. HP: 36/36 MP: 4/7
  2963 | D:3      | Slain by a gnoll

Illustrated notes

Levels and vault maps discovered:
D:1:      mrwooster_arrival_statue_2, layout_loops_corners,
          roderic_serpentine_path
D:2:      layout_loops_ring, serial_undead, serial_undead_b, serial_undead_c,
          serial_undead_c, serial_undead_c, basic_altar, minmay_pentomino_q2
D:3:      layout_basic, nicolae_wu_jian_immortal_techniques

Skill      XL: |  1  2  3  4 |
---------------+-------------+-----
Dodging        | 2 |  2.2
Stealth        | 4 |  4.3
Transmutations | 2 |  2.0
Spellcasting   | |  2.5
Poison Magic   | |  4.7

Action                     |  1- 3 |  4- 6 || total
---------------------------+-------+-------++-------
  Melee: Unarmed           |     5 |       ||     5
         Dagger            |    33 |    11 ||    44
         Short sword       |    18 |    14 ||    32
   Cast: Sting             |    62 |    19 ||    81
Ability: Spit Poison       |     3 |       ||     3
    Use: Potion            |       |     1 ||     1
   Stab: Sleeping          |     7 |     5 ||    12
 Armour: Robe              |    15 |    24 ||    39
  Dodge: Dodged            |    49 |    28 ||    77

Table legend: (Time is in decaauts)
 A = Elapsed time spent in this place.
 B = Non-inter-level travel time spent in this place.
 C = Inter-level travel time spent in this place.
 D = Time resting spent in this place.
 E = Time spent auto-exploring this place.
 F = Levels seen in this place.
 G = Mean time per level.
                   A        B        C        D        E       F      G
               +--------+--------+--------+--------+--------+-----+--------+
         Total |   3726 |   3691 |     35 |     47 |   3138 |   3 | 1242.0 |
       Dungeon |   3726 |   3691 |     35 |     47 |   3138 |   3 | 1242.0 |
               +--------+--------+--------+--------+--------+-----+--------+

Top non-repeatable levels by time:
     D:1: 1664 daAuts
     D:2: 1281 daAuts
     D:3: 780 daAuts
